 Dungeon Crawl Stone Soup version 0.31.0-32-g396128a36d (webtiles) character file.

Game seed: 15404465438809158946

35 Doomgape the Grasshopper (level 3, 0/18 HPs)
             Began as a Spriggan Warper on Mar 22, 2024.
             Frozen to death by an endoplasm (5 damage)
             ... on level 2 of the Dungeon.
             The game lasted 00:05:17 (772 turns).

Doomgape the Grasshopper (Spriggan Warper)           Turns: 772, Time: 00:05:18

Health: 0/18       AC:  2    Str:  7    XL:     3   Next: 17%
Magic:  8/8        EV: 18    Int: 14    God:
Gold:   89         SH:  0    Dex: 16    Spells: 6/8 levels left

rFire   . . .        a - +0 short sword (freeze)
rCold   . . .        (no shield)
rNeg    . . .        b - +0 robe
rPois   .            (helmet restricted)
rElec   .            (no cloak)
rCorr   .            (gloves unavailable)
SInv    +            (boots unavailable)
Will    .....        g - amulet of magic regeneration
Stlth   ++           (no ring)
HPRegen 0.23/turn    (no ring)
MPRegen 0.51/turn

%: no passive effects
@: very quick
A: very small, no large weapons, unfitting armour, see invisible, speed 3
a: no special abilities


You were on level 2 of the Dungeon.
You visited 1 branch of the dungeon, and saw 2 of its levels.

You collected 89 gold pieces.

Inventory:

Hand Weapons
 a - a +0 short sword of freezing (weapon)
Missiles
 d - 7 darts of dispersal (quivered)
Armour
 b - a +0 robe (worn)
Magical Staves
 e - a staff of conjuration
Jewellery
 g - an amulet of magic regeneration (around neck)
Scrolls
 c - a scroll of blinking
 h - a scroll of identify
 j - a scroll of poison {unknown}
Potions
 f - a potion of degeneration {unknown}
 i - a potion of haste {unknown}


   Skills:
 - Level 1.5 Fighting
 + Level 2.7 Short Blades
 - Level 1.0 Throwing
 + Level 3.8 Dodging
 + Level 1.0 Stealth
 + Level 3.2 Spellcasting
 + Level 4.9 Translocations


You had 6 spell levels left.
You knew the following spells:

 Your Spells              Type           Power      Damage    Failure   Level
a - Blink                 Tloc           30%        N/A       4%          2

Your spell library contained the following spells:

 Spells                   Type           Power      Damage    Failure   Level
 Lesser Beckoning         Tloc           30%        N/A       4%          2
 Teleport Other           Tloc           15%        N/A       9%          3
 Manifold Assault         Tloc           15%        N/A       28%         4
 Vhi's Electric Charge    Tloc/Air       18%        N/A       58%         4


Dungeon Overview and Level Annotations

Branches:
Dungeon (2/15)

Altars:

Shops:
D:2 :*


Innate Abilities, Weirdness & Mutations

You are very small and have problems with some larger weapons.
You are too small for most types of armour.
You have supernaturally acute eyesight. (SInv)
You cover ground extremely quickly. (Speed+++)


Message History

Found a bubbling orange potion.
Okay, then.
Found a scroll labelled YHIALO IMEAWIQ.
i - a bubbling orange potion
j - a scroll labelled YHIALO IMEAWIQ The adder hisses angrily.
The adder bites you.
You hit the adder.
The adder seems to slow down.
You freeze the adder.
The adder is moderately wounded.
The adder completely misses you.
You hit the adder. You freeze the adder.
The adder is almost dead.
You hit the adder. You freeze the adder.
You kill the adder!
Your Stealth skill increases to level 1!
You have reached level 3!
Your experience leads to an increase in your attributes!
Increase (S)trength, (I)ntelligence, or (D)exterity?
You feel agile. x2
You hit the hobgoblin. You freeze the hobgoblin.
The hobgoblin is severely wounded.
The hobgoblin hits you.
You completely miss the hobgoblin.
The hobgoblin is severely wounded.
The hobgoblin hits you.
You barely miss the hobgoblin.
The hobgoblin is severely wounded.
The endoplasm hits you. The hobgoblin completely misses you.
You hit the hobgoblin but do no damage.
The hobgoblin is severely wounded.
The endoplasm hits you. The hobgoblin closely misses you.
You closely miss the hobgoblin.
The hobgoblin is severely wounded.
The endoplasm barely misses you. The hobgoblin hits you.
* * * LOW HITPOINT WARNING * * *
You barely miss the hobgoblin.
The hobgoblin is severely wounded.
The endoplasm freezes you.
You are frozen.
You die...

.[.................#
...................#
..^................#
.......)...........#
...................#
#.......<..........#
.#.................#
....###............#
.... #.#....g@....#
.## ≈≈≈#.##.##J####
~≈~≈≈.##.##:#
...∩≈≈.##.##.###
.~≈≈≈≈.........#
≈..........#
#..........##
#........####
##..#∩##


You could see an endoplasm and a hobgoblin.

Vanquished Creatures
  An adder (D:2)
  A dart slug (D:1)
  A bat (D:1)
  3 endoplasms (D:1)
  2 giant cockroaches (D:1)
  2 goblins (D:1)
  2 hobgoblins (D:1)
  2 kobolds
  3 quokkas (D:1)
  2 ball pythons
  A frilled lizard (D:1)
  A rat (D:1)
21 creatures vanquished.

Notes
Turn   | Place    | Note
-------+----------+-------------------------------------------
     0 | D:1      | Doomgape the Spriggan Warper began the quest for the Orb.
     0 | D:1      | Reached XP level 1. HP: 10/10 MP: 5/5
   128 | D:1      | Reached XP level 2. HP: 9/14 MP: 6/6
   368 | D:1      | Learned a level 2 spell: Blink
   627 | D:2      | Found Mithiugo's Assorted Antiques.
   721 | D:2      | Found Niulitok's Book Boutique.
   766 | D:2      | Reached skill level 1 in Stealth
   766 | D:2      | Reached XP level 3. HP: 17/18 MP: 8/8
   772 | D:2      | Frozen to death by an endoplasm

Illustrated notes

Levels and vault maps discovered:
D:1:      nicolae_arrival_washed_ashore, layout_rooms
D:2:      layout_rooms, serial_shops, nicolae_shop_tiny_glass,
          nicolae_shop_waterfront, uniq_jessica

Skill      XL: |  1  2 |
---------------+-------+-----
Spellcasting   | 3 |  3.2
Stealth        | 1 |  1.0
Fighting       | |  1.5
Short Blades   | |  2.7
Throwing       | |  1.0
Dodging        | |  3.8
Translocations | |  4.9

Action                     || total
---------------------------++-------
  Melee: Short sword       ||   106
         Punch             ||     3
    Use: Scroll            ||     2
 Armour: Robe              ||    29
  Dodge: Dodged            ||    69
